 Dungeon Crawl Stone Soup version 0.28.0-53-g5a82cb258f (webtiles) character file.

Game seed: 6614837883100915195

7842 Gabide the Nimble (level 11, -11/92 HPs)
             Began as a Human Monk on June 1, 2022.
             Mangled by a boulder beetle (15 damage)
             ... on level 10 of the Dungeon.
             The game lasted 00:29:33 (15546 turns).

Gabide the Nimble (Human Monk)                     Turns: 15546, Time: 00:29:35

Health: -11/92     AC: 10    Str: 11    XL:     11   Next: 44%
Magic:  0/11       EV: 19    Int: 11    God:
Gold:   530        SH:  0    Dex: 20    Spells: 10/10 levels left

rFire   . . .      SeeInvis .   r - +0 glaive
rCold   . . .      Faith    .   (shield currently unavailable)
rNeg    . . .      Spirit   +   m - +0 steam dragon scales
rPois   .          Reflect  .   j - +1 helmet
rElec   .          Harm     .   D - +0 cloak
rCorr   .          Rampage  .   x - +0 pair of gloves
Will    .....                   s - +0 pair of boots
Stlth   ++........              h - amulet of guardian spirit
HPRegen 0.25/turn               (no ring)
MPRegen 0.12/turn               (no ring)

@: mighty
A: no striking features
a: no special abilities


You were on level 10 of the Dungeon.
You visited 2 branches of the dungeon, and saw 11 of its levels.

You collected 530 gold pieces.

Inventory:

Hand Weapons
 a - a +4 spear
 r - a +0 glaive (weapon)
 w - a +0 halberd
Missiles
 q - 4 boomerangs
 v - 17 poisoned darts
Armour
 g - a +0 ring mail
 i - a +1 leather armour of fire resistance
 j - a +1 helmet (worn)
 m - +0 steam dragon scales (worn)
 s - a +0 pair of boots (worn)
 x - a +0 pair of gloves (worn)
 D - a +0 cloak (worn)
 E - the +0 ring mail of Egalitarianism {rCorr Str+5 Int+5}
   (You found it on level 5 of the Dungeon)

   Str:       It affects your strength (+5).
   Int:       It affects your intelligence (+5).
   rCorr:     It protects you from acid and corrosion.
 L - a +2 pair of gloves
Jewellery
 h - an amulet of guardian spirit (around neck)
Wands
 H - a wand of mindburst (6)
 J - a wand of paralysis (1) (quivered)
Scrolls
 c - 2 scrolls of teleportation
 d - 2 scrolls of silence
 f - 2 scrolls of immolation
 l - 2 scrolls of noise
 n - 2 scrolls of amnesia
 o - a scroll of magic mapping
 t - 2 scrolls of blinking
 u - 2 scrolls of torment
 F - a scroll of enchant armour {unknown}
 I - 2 scrolls of vulnerability
 K - a scroll of enchant weapon {unknown}
Potions
 e - 2 potions of flight
 k - 2 potions of brilliance
 p - a potion of magic


   Skills:
 + Level 10.3 Fighting
 + Level 10.3 Polearms
 + Level 10.4 Dodging
 - Level 2.0 Stealth


You had 10 spell levels left.
You didn't know any spells.
Your spell library contained the following spells:

 Spells                   Type           Power      Damage    Failure   Level
 Shock                    Conj/Air       0%         1d3       34%         1
 Summon Small Mammal      Summ           0%         N/A       34%         1
 Ensorcelled Hibernation  Hex/Ice        0%         N/A       47%         2
 Passwall                 Tmut/Erth      0%         N/A       47%         2
 Call Canine Familiar     Summ           0%         N/A       71%         3
 Gell's Gravitas          Tloc           0%         N/A       71%         3
 Lesser Beckoning         Tloc           0%         N/A       71%         3
 Summon Guardian Golem    Hex/Summ       0%         N/A       71%         3
 Swiftness                Air            0%         N/A       71%         3
 Teleport Other           Tloc           0%         N/A       71%         3
 Tukima's Dance           Hex            0%         N/A       71%         3
 Airstrike                Air            0%         N/A       98%         4
 Anguish                  Hex/Necr       0%         N/A       98%         4
 Enfeeble                 Hex            0%         N/A       100%        7
 Chain Lightning          Conj/Air       0%         N/A       100%        9
 Fire Storm               Conj/Fire      0%         5d1       100%        9
 Shatter                  Erth           0%         3d5*      100%        9


Dungeon Overview and Level Annotations

Branches:
Dungeon (10/15)            Temple (1/1) D:6             Orc (0/2) D:9
   Lair: D:8-11

Altars:
Ashenzari
Cheibriados
Dithmenos
Elyvilon
Fedhas
Gozag
Hepliaklqana
Kikubaaqudgha
Makhleb
Nemelex Xobeh
Okawaru
Qazlal
Ru
Sif Muna
Trog
Uskayaw
Vehumet
Wu Jian
Xom
Yredelemnul
Zin
The Shining One

Annotations:
D:9 1 runed translucent door, kalagan's ghost, journeyman DECj


Message History

You are too injured to fight recklessly!
You are too injured to fight recklessly!
You are too injured to fight recklessly!
You are too injured to fight recklessly!
You are too injured to fight recklessly!
You are too injured to fight recklessly!
You are too injured to fight recklessly!
You are too injured to fight recklessly!
You are too injured to fight recklessly!
You are too injured to fight recklessly!
You are too injured to fight recklessly!
You are too injured to fight recklessly!
You are too injured to fight recklessly!
You hit the boulder beetle but do no damage.
The boulder beetle is heavily wounded.
The boulder beetle misses you.
You hit the boulder beetle but do no damage.
The boulder beetle is heavily wounded.
The boulder beetle leaps!
The boulder beetle bites you!
You hit the boulder beetle.
The boulder beetle is heavily wounded.
The boulder beetle misses you.
You slash the boulder beetle!
The boulder beetle is severely wounded.
The boulder beetle bites you.
* * * LOW HITPOINT WARNING * * *
You slash the boulder beetle!
The boulder beetle is almost dead.
The boulder beetle completely misses you.
You hit the boulder beetle but do no damage.
The boulder beetle is almost dead.
The boulder beetle bites you!!
* * * LOW HITPOINT WARNING * * *
Aiming: Paralyse
Press: ? - help, Q - select action, (/) - cycle Shift-Dir - straight line, f - boulder beetle
Aim: a boulder beetle (almost dead, chance to affect: 31%)
The boulder beetle easily resists.
The boulder beetle bites you!
You die...

#....B........#
#.............#
#.............#
#.............#
###########'#########
#............!>.....#
###...........).......#
..'...................#
..#.............@.....#
..########.....B......#
...# #.......)....#
#### #........)...#
#.........<..#
#............#
#............#
#............#
##############


You could see a boulder beetle.

Vanquished Creatures
  Erolcha (D:9)
  A two-headed ogre (D:9)
  A manticore (D:9)
  A troll (D:9)
  Prince Ribbit (D:8)
  3 yaks (D:9)
  A steam dragon (D:8)
  A water moccasin (D:7)
  A swamp drake (D:9)
  4 orc warriors
  3 black bears
  2 necrophages
  2 centaurs
  4 ogres
  2 kobold brigands
  6 bullfrogs
  A gnoll sergeant (D:8)
  2 scorpions
  A wyvern skeleton (D:6)
  4 wights (D:8)
  4 killer bees (D:9)
  6 howler monkeys (D:8)
  4 centaur zombies
  3 orc priests (D:9)
  8 hounds
  4 jellies
  A centaur skeleton (D:6)
  2 gnoll shamans (D:7)
  Crazy Yiuf (D:5)
  A bullfrog skeleton (D:6)
  6 iguanas
  Terence (D:2)
  Ijyb (D:3)
  6 orc wizards
  A hound skeleton (D:4)
  A howler monkey zombie (D:6)
  Robin (D:2)
  22 gnolls
  A howler monkey skeleton (D:5)
  5 adders
  2 ufetubi
  An adder zombie (D:5)
  A worm (D:4)
  A dart slug (D:2)
  32 orcs
  7 bats
  11 endoplasms
  3 giant cockroaches
  10 hobgoblins
  6 jackals
  4 quokkas
  6 ball pythons
  3 frilled lizards
  30 goblins
  10 kobolds
  6 rats
  2 rat zombies (D:7)
256 creatures vanquished.

Vanquished Creatures (collateral kills)
  A hydra (D:9)
  A centaur (D:6)
  A gnoll (D:7)
3 creatures vanquished.

Vanquished Creatures (others)
  An orc wizard (D:9)
  2 gnolls (D:7)
  3 plants (D:7)
6 creatures vanquished.

Grand Total: 265 creatures vanquished

Notes
Turn   | Place    | Note
-------+----------+-------------------------------------------
     0 | D:1      | Gabide the Human Monk began the quest for the Orb.
     0 | D:1      | Reached XP level 1. HP: 18/18 MP: 1/1
   364 | D:1      | Reached XP level 2. HP: 23/24 MP: 2/2
   713 | D:1      | Found a faded altar of an unknown god.
   771 | D:1      | Reached XP level 3. HP: 29/29 MP: 3/3
  1594 | D:2      | Noticed Robin
  1611 | D:2      | Reached XP level 4. HP: 36/36 MP: 4/4
  1652 | D:2      | Killed Robin
  2105 | D:2      | Reached XP level 5. HP: 36/42 MP: 5/5
  2570 | D:2      | Noticed Terence
  2607 | D:2      | Killed Terence
  3498 | D:3      | Identified the +1 chain mail of the Mind {rCorr Int+4}
  3576 | D:3      | Noticed an ogre
  3687 | D:3      | Killed an ogre
  3688 | D:3      | Reached XP level 6. HP: 13/49 MP: 6/6
  4376 | D:3      | Noticed Ijyb
  4423 | D:3      | Killed Ijyb
  4872 | D:4      | Reached XP level 7. HP: 34/55 MP: 7/7
  5076 | D:4      | Reached skill level 5 in Fighting
  5076 | D:4      | Reached skill level 5 in Polearms
  5094 | D:4      | Reached skill level 5 in Dodging
  5269 | D:4      | Found an opulent altar of Gozag.
  5315 | D:4      | Found a shimmering altar of Xom.
  5671 | D:4      | Found a snail-covered altar of Cheibriados.
  5820 | D:4      | Reached XP level 8. HP: 57/63 MP: 8/8
  6013 | D:5      | Entered Level 5 of the Dungeon
  6403 | D:5      | Identified the +0 ring mail of Egalitarianism {rCorr Str+5
                  | Int+5}
  6729 | D:5      | Found a stormy altar of Qazlal.
  6732 | D:5      | Noticed a fire elemental
  6732 | D:5      | Noticed an air elemental
  6732 | D:5      | Noticed a water elemental
  7245 | D:5      | Found a runed translucent door.
  7246 | D:5      | Noticed Crazy Yiuf
  7465 | D:5      | Killed Crazy Yiuf
  7921 | D:6      | Reached XP level 9. HP: 19/72 MP: 9/9
  8528 | D:6      | Found a staircase to the Ecumenical Temple.
  8537 | Temple   | Entered the Ecumenical Temple
  9327 | D:7      | Found a burning altar of Makhleb.
 10118 | D:8      | Reached XP level 10. HP: 65/74 MP: 6/10
 10914 | D:8      | Noticed Prince Ribbit
 10929 | D:8      | Killed Prince Ribbit
 11644 | D:9      | Noticed a manticore
 11697 | D:9      | Found a runed translucent door.
 11698 | D:9      | Found a shimmering altar of Xom.
 11698 | D:9      | Noticed kalagan's ghost (journeyman DECj)
 11701 | D:9      | Noticed a +0 dire flail of chaos
 12078 | D:9      | Noticed a two-headed ogre
 12095 | D:9      | Killed a two-headed ogre
 13139 | D:9      | Noticed Erolcha
 13153 | D:9      | Killed Erolcha
 13154 | D:9      | Reached XP level 11. HP: 40/90 MP: 5/11
 13627 | D:9      | Noticed a six-headed hydra
 13891 | D:10     | Entered Level 10 of the Dungeon
 13971 | D:10     | Noticed a boulder beetle
 14562 | D:9      | Killed an eight-headed hydra
 14563 | D:9      | Reached skill level 10 in Fighting
 14563 | D:9      | Reached skill level 10 in Polearms
 14563 | D:9      | Reached skill level 10 in Dodging
 15129 | D:9      | Found a staircase to the Orcish Mines.
 15327 | D:9      | Killed a manticore
 15440 | D:9      | Found a hazy altar of Hepliaklqana.
 15442 | D:9      | Found an ornate altar of the Wu Jian Council.
 15545 | D:10     | HP: 4/92 [boulder beetle (22)]
 15546 | D:10     | Mangled by a boulder beetle

Illustrated notes

Levels and vault maps discovered:
D:1:      dpeg_arrival_arbitrary_c, layout_basic,
          shapermc_ecumenical_altar_hornbeckon
D:2:      layout_loops_ring, uniq_terence, uniq_robin
D:3:      kennysheep_goblin_castle, layout_loops_corners, minmay_ogre_servants
D:4:      layout_basic, mainiacjoe_overflow_alcove_1, lemuel_round_altar,
          mainiacjoe_overflow_small_starburst, hangedman_abyss_or_decor_stagger
D:5:      layout_layer_cave, nicolae_qazlal_style_of_elements,
          uniq_crazy_yiuf_cottage
D:6:      layout_basic, lemuel_temple_firewalk_a
D:7:      layout_basic, mainiacjoe_overflow_boulevard, enter_ossuary_4
D:8:      layout_basic, minmay_misc_feat_tower, grunt_ministairs_2,
          uniq_prince_ribbit1
D:9:      layout_layer_cave, nicolae_overflow_hidden_temple, erik_orc_1,
          ebering_ghost_xom, kennysheep_just_a_vault, uniq_erolcha
D:10:     layout_gridville, gammafunk_ghost_hive, david_defended_altar_orc,
          uniq_harold
Temple:   nicolae_temple_no_exploring_needed

Skill      XL: |  1  2  3  4  5  6  7  8  9 10 11 |
---------------+----------------------------------+-----
Polearms       | 4 5 7 8 9 10 | 10.3
Fighting       | 4 5 7 8 9 10 | 10.3
Dodging        | 4 5 7 8 9 10 | 10.4
Stealth        | |  2.0

Action                   |  1- 3 |  4- 6 |  7- 9 | 10-12 || total
-------------------------+-------+-------+-------+-------++-------
Melee: Spear             |   123 |   284 |   412 |    13 ||   832
       Punch             |     1 |     1 |     4 |       ||     6
       Halberd           |       |    17 |    11 |   105 ||   133
       Glaive            |       |       |       |   264 ||   264
Throw: Dart              |       |    16 |    15 |    11 ||    42
       Boomerang         |       |     3 |    19 |     2 ||    24
Evoke: Wand              |       |       |     9 |    16 ||    25
  Use: Scroll            |     2 |     5 |     5 |    11 ||    23
       Potion            |       |     3 |     1 |     7 ||    11
 Stab: Sleeping          |     4 |     7 |     7 |     1 ||    19
       Distracted        |       |     1 |     2 |     3 ||     6
       Paralysed         |       |       |       |     5 ||     5
       Invisible         |       |       |       |     2 ||     2
Armor: Ring mail         |    26 |    82 |    74 |    12 ||   194
       Leather armour    |       |     4 |    38 |       ||    42
       Steam dragon scal |       |       |       |    93 ||    93
       Skin              |       |       |       |    35 ||    35
Dodge: Dodged            |    55 |   153 |   236 |   369 ||   813
